 Dungeon Crawl Stone Soup version 0.22-a0-525-gf69a080 (webtiles) character file.

10258 pk666 the Destroyer (level 11, -19/54 HPs)
             Began as a Deep Elf Fire Elementalist on June 21, 2018.
             Was a Believer of Vehumet.
             Demolished by Snorg (26 damage)
             ... on level 10 of the Dungeon.
             The game lasted 00:28:46 (11746 turns).

pk666 the Destroyer (Deep Elf Fire Elementalist)   Turns: 11746, Time: 00:28:54

Health: -19/54     AC:  2    Str:  5    XL:     11   Next: 33%
Magic:  17/29      EV: 13    Int: 24    God:    Vehumet [**....]
Gold:   640        SH:  0    Dex: 15    Spells: 22/35 levels left

rFire    . . .     SeeInvis .   (no weapon)
rCold    . . .     Gourm    .   (no shield)
rNeg     . . .     Faith    .   I - +0 robe {MR+}
rPois    +         Spirit   .   (no helmet)
rElec    .         Reflect  .   n - scarf {repulsion}
rCorr    .         Harm     .   (no gloves)
MR       ++...                  (no boots)
Stlth    ++........             (no amulet)
HPRegen  0.18/turn              j - ring of poison resistance
MPRegen  0.21/turn              F - ring of wizardry

@: repel missiles
A: no striking features
a: Renounce Religion


You were on level 10 of the Dungeon.
You worshipped Vehumet.
Vehumet was pleased with you.
You were not hungry.

You visited 2 branches of the dungeon, and saw 11 of its levels.

You collected 640 gold pieces.

Inventory:

Armour
 n - a scarf of repulsion (worn)
 I - a +0 robe of magic resistance (worn)
Jewellery
 g - an uncursed ring of see invisible
 j - a ring of poison resistance (left hand)
 k - an uncursed ring of ice
 v - an uncursed ring of fire
 z - an uncursed ring of see invisible
 F - a ring of wizardry (right hand)
Wands
 m - a wand of iceblast (6)
 y - a wand of clouds (4)
 G - a wand of digging (8)
Scrolls
 d - 8 scrolls of identify {unknown}
 e - 4 scrolls of amnesia {unknown}
 h - 4 scrolls of teleportation {unknown}
 i - 9 scrolls of remove curse {unknown}
 p - 3 scrolls of fear {unknown}
 x - a scroll of blinking {unknown}
 B - 5 scrolls of enchant weapon {unknown}
 E - a scroll of brand weapon {unknown}
 H - a scroll of immolation {unknown}
Potions
 b - 5 potions of heal wounds {unknown}
 f - 3 potions of lignification {unknown}
 l - 4 potions of curing
 o - 2 potions of might {unknown}
 q - a potion of mutation {unknown}
 r - 2 potions of agility
 s - 2 potions of cancellation {unknown}
 t - a potion of degeneration {unknown}
 u - 2 potions of invisibility {unknown}
 w - a potion of resistance {unknown}
 A - 2 potions of brilliance {unknown}
 C - a potion of haste {unknown}
 D - a potion of berserk rage {unknown}
Comestibles
 c - 20 rations


   Skills:
 - Level 2.4 Dodging
 - Level 2.4 Stealth
 + Level 12.5 Spellcasting
 + Level 12.5 Conjurations
 + Level 10.9 Fire Magic


You had 22 spell levels left.
You knew the following spells:

 Your Spells              Type           Power        Failure   Level  Hunger
a - Flame Tongue          Conj/Fire      #####        1%          1    None
b - Sticky Flame          Conj/Fire      ######..     1%          4    None
c - Conjure Flame         Conj/Fire      ######..     1%          3    None
z - Fireball              Conj/Fire      ######....   1%          5    ###....

Your spell library contained the following spells:

 Spells                   Type           Power        Failure   Level  Hunger
 Throw Flame              Conj/Fire      ######       1%          2    None
 Inner Flame              Hex/Fire       #####...     1%          3    None


Dungeon Overview and Level Annotations

Branches:
Dungeon (10/15)            Temple (1/1) D:6
   Lair: D:8-11         Orc: D:9-12

Altars:
Ashenzari
Cheibriados
Dithmenos
Elyvilon
Fedhas
Gozag
Hepliaklqana
Kikubaaqudgha
Makhleb
Nemelex Xobeh
Okawaru
Qazlal
Ru
Sif Muna
Trog
Uskayaw
Vehumet
Wu Jian
Xom
Yredelemnul
Zin
The Shining One

Annotations:
D:9 1 runed door, TheNamelessOne's ghost, novice OpTm
D:10 Snorg


Message History

Aiming: Sticky Flame (safe; 1% risk of failure)
Press: ? - help, Shift-Dir - straight line, f/p - Snorg
Aim: Snorg (flame, lightly wounded)
The sticky flame hits Snorg.
Snorg is moderately wounded.
Snorg is covered in liquid flames!
Snorg burns!
Snorg is engulfed in blazing flames.
Snorg goes berserk!
Casting: Sticky Flame (safe; 1% risk of failure)
Confirm with . or Enter, or press ? or * to list all spells.
Aiming: Sticky Flame (safe; 1% risk of failure)
Press: ? - help, Shift-Dir - straight line, f/p - Snorg
Aim: Snorg (flame, heavily wounded, berserk, fast, unusually strong, covered in liquid flames)
The sticky flame hits Snorg.
Snorg is heavily wounded.
Snorg burns!
Snorg is engulfed in blazing flames.
Snorg bites you. Snorg claws you! x2
* * * LOW HITPOINT WARNING * * *
An orc zombie comes into view.
Snorg is engulfed in blazing flames.
Snorg bites you!!
You die...

............##.###.....###.##
#.. ...#######.###.###.#'#.#
#..# #(# ####
#.((..........####.# #..
#.##(..........# #.###.#
#.##)######.#### #..##.#
#.##.#### #.# ##.##.#
#.##....# #.# #..#.#
#######.# #.# ##.#.. #@# #.#
#.### #T###.# #..## #Z....#
##.## #....<# #.## #.....#
#.## #####.....##### #.##
#(..Z.........# #..#
#W######......# ##.# #.#
#......# #..


You could see Snorg (berserk) and 2 orc zombies.

Vanquished Creatures
  Josephine (D:10)
  Harold (D:10)
  2 two-headed ogres
  Erica (D:8)
  A deep elf mage (D:7)
  A troll (D:9)
  A hippogriff (D:9)
  6 wraiths (D:10)
  4 hogs (D:9)
  A human (D:9)
  A wyvern (D:8)
  3 hungry ghosts
  2 water moccasins
  A sky beast (D:7)
  An orc warrior (D:6)
  2 black bears
  2 phantoms
  2 ice beasts
  An ogre (D:4)
  A necrophage (D:10)
  9 centaurs
  A big kobold (D:9)
  A wyvern skeleton (D:9)
  4 scorpions
  A troll zombie (D:10)
  4 wights (D:8)
  4 howler monkeys
  3 centaur zombies
  2 crimson imps
  4 jellies
  7 hounds
  5 orc wizards
  A bullfrog skeleton (D:7)
  8 worker ants
  5 ogre zombies (D:10)
  A hound skeleton (D:6)
  Robin (D:3)
  4 gnolls (D:6)
  8 adders
  A shadow imp (D:5)
  An ooze (D:4)
  An adder zombie (D:9)
  5 worms
  3 dart slugs
  5 leopard geckos
  10 orcs
  3 ball pythons
  8 bats
  6 giant cockroaches
  11 goblins
  5 hobgoblins
  13 jackals
  11 kobolds
  3 quokkas
  5 frilled lizards
  A giant cockroach zombie (D:5)
  A goblin zombie (D:10)
  2 hobgoblin skeletons (D:10)
  A hobgoblin zombie (D:10)
  An orc skeleton (D:10)
  4 orc zombies (D:10)
  3 quokka zombies
  13 rats
225 creatures vanquished.

Vanquished Creatures (others)
  A withered plant (D:9)
1 creature vanquished.

Grand Total: 226 creatures vanquished

Notes
Turn   | Place    | Note
-------+----------+-------------------------------------------
     0 | D:1      | pk666 the Deep Elf Fire Elementalist began the quest for the Orb.
     0 | D:1      | Reached XP level 1. HP: 10/10 MP: 6/6
    53 | D:1      | Reached XP level 2. HP: 12/15 MP: 0/8
   471 | D:1      | Reached XP level 3. HP: 16/19 MP: 7/10
   593 | D:2      | Found an opulent altar of Gozag.
   901 | D:2      | Reached XP level 4. HP: 24/24 MP: 4/11
  1039 | D:2      | Learned a level 4 spell: Sticky Flame
  1043 | D:2      | Learned a level 3 spell: Conjure Flame
  1665 | D:3      | Found a glowing golden altar of the Shining One.
  1818 | D:3      | Noticed Robin
  1835 | D:3      | Killed Robin
  2003 | D:3      | Reached XP level 5. HP: 28/28 MP: 9/13
  2009 | D:3      | Found a sacrificial altar of Ru.
  2305 | D:3      | Found a deep blue altar of Sif Muna.
  2755 | D:4      | Noticed an ogre
  2766 | D:4      | Killed an ogre
  2766 | D:4      | Reached skill level 5 in Spellcasting
  2766 | D:4      | Reached XP level 6. HP: 32/32 MP: 5/15
  3205 | D:4      | Reached skill level 5 in Conjurations
  3602 | D:5      | Entered Level 5 of the Dungeon
  3710 | D:5      | Reached skill level 5 in Fire Magic
  3773 | D:5      | You fall through a shaft for 3 floors!
  3776 | D:8      | Found a white marble altar of Elyvilon.
  3849 | D:8      | Noticed a water moccasin
  3855 | D:8      | Killed a water moccasin
  3855 | D:8      | Reached XP level 7. HP: 36/36 MP: 8/17
  3932 | D:8      | Noticed a hungry ghost
  4080 | D:7      | Found a bloodstained altar of Trog.
  4466 | D:6      | Found a staircase to the Ecumenical Temple.
  4477 | Temple   | Entered the Ecumenical Temple
  4610 | Temple   | Became a worshipper of Vehumet
  5015 | D:5      | Learned a level 5 spell: Fireball
  5459 | D:6      | Reached XP level 8. HP: 41/41 MP: 12/20
  6184 | D:7      | Found an iron altar of Okawaru.
  6184 | D:7      | Found a snail-covered altar of Cheibriados.
  6184 | D:7      | Found a white marble altar of Elyvilon.
  6316 | D:7      | Found an ornate altar of the Wu Jian Council.
  6321 | D:7      | Found a shattered altar of Ashenzari.
  6387 | D:7      | Noticed a deep elf mage
  6399 | D:7      | Killed a deep elf mage
  6544 | D:7      | Reached XP level 9. HP: 35/45 MP: 4/23
  7499 | D:8      | Noticed Erica
  7504 | D:8      | Killed Erica
  7504 | D:8      | Reached skill level 10 in Conjurations
  8228 | D:8      | Reached * piety under Vehumet
  8228 | D:8      | Offered knowledge of Magic Dart by Vehumet.
  8235 | D:8      | Noticed a two-headed ogre
  8253 | D:8      | Killed a two-headed ogre
  8253 | D:8      | Reached skill level 10 in Spellcasting
  8253 | D:8      | Reached XP level 10. HP: 50/50 MP: 10/26
  9159 | D:9      | Noticed a two-headed ogre
  9185 | D:9      | Killed a two-headed ogre
  9310 | D:9      | Found a sacrificial altar of Ru.
  9325 | D:9      | Found a shimmering altar of Xom.
  9326 | D:9      | Found a hazy altar of Hepliaklqana.
  9340 | D:9      | Found a shimmering altar of Xom.
  9347 | D:9      | Found a shimmering altar of Xom.
  9347 | D:9      | Found a shimmering altar of Xom.
  9347 | D:9      | Found a shimmering altar of Xom.
  9347 | D:9      | Found a shimmering altar of Xom.
  9347 | D:9      | Found a shimmering altar of Xom.
  9530 | D:9      | Noticed a harpy
  9660 | D:9      | Reached skill level 10 in Fire Magic
  9945 | D:9      | Found a runed door.
  9949 | D:9      | Noticed TheNamelessOne's ghost (novice OpTm)
  9999 | D:10     | Entered Level 10 of the Dungeon
 10231 | D:10     | Noticed Josephine
 10867 | D:10     | Offered knowledge of Shock by Vehumet.
 10867 | D:10     | Reached ** piety under Vehumet
 10870 | D:10     | Reached XP level 11. HP: 53/54 MP: 10/28
 11085 | D:10     | Killed Josephine
 11329 | D:10     | Noticed Harold
 11344 | D:10     | Noticed Snorg
 11345 | D:10     | Killed Harold
 11746 | D:10     | Demolished by Snorg

Vault maps used:
D:1:      nicolae_arrival_memento_mori
D:2:      first_ration, nicolae_gozag_seed_capital
D:3:      nicolae_overflow_crystal_walls, nicolae_tso_carved_into_rock,
          nicolae_ru_sacrificial_ziggurat, uniq_robin
D:4:      kennysheep_big_flooded_room
D:6:      minmay_temple_entry_statues_fountains
D:7:      minmay_opposing_rooms, gammafunk_temple_overflow_forgotten,
          lemuel_crystal_altar, minitemple
D:8:      basic_altar, uniq_erica
D:9:      regret_index_temple_of_mockery, lemuel_crystal_altar,
          gammafunk_ghost_grave, grunt_livestock, xom_shifter_show
D:10:     zombieorc2_lemuel, uniq_josephine, uniq_snorg, uniq_harold
Temple:   minmay_temple_curvy_loop

Skill      XL: |  1  2  3  4  5  6  7  8  9 10 11 |
---------------+----------------------------------+-----
Conjurations   | 2 3 4 5 7 9 10 12 | 12.5
Spellcasting   | 4 5 6 8 10 11 12 | 12.5
Fire Magic     | 4 5 6 7 8 10 | 10.9
Dodging        | |  2.4
Stealth        | |  2.4

Action                   |  1- 3 |  4- 6 |  7- 9 | 10-12 || total
-------------------------+-------+-------+-------+-------++-------
Melee: Unarmed           |       |       |     3 |    11 ||    14
 Cast: Flame Tongue      |    55 |   143 |   168 |   108 ||   474
       Conjure Flame     |       |     6 |    23 |    22 ||    51
       Sticky Flame      |       |       |    13 |    17 ||    30
       Fireball          |       |       |     4 |    24 ||    28
Evoke: Wand              |       |       |     1 |     2 ||     3
  Eat: Chunk             |       |     8 |    12 |     8 ||    28
       Ration            |       |       |     1 |     2 ||     3
Armor: Robe              |     3 |     3 |     6 |       ||    12
Dodge: Dodged            |    12 |    22 |    44 |    33 ||   111
       Deflected         |       |     1 |     2 |     5 ||     8

Table legend:
 A = Spawn XP
 B = Non-spawn XP
 C = Spawn XP percentage of total XP
 D = Spawn monster count
 E = Non-spawn monster count
 F = Spawn count percentage of total count
 G = Total turns spent on level
                    A         B        C        D         E        F      G
               +---------+---------+-------+---------+---------+-------+---------
         Total |       0 |   14655 |   0.0 |       0 |     225 |   0.0 | 11746
               +---------+---------+-------+---------+---------+-------+---------
           D:1 |       0 |      45 |   0.0 |       0 |      26 |   0.0 |   578
           D:2 |       0 |      76 |   0.0 |       0 |      22 |   0.0 |  1026
           D:3 |       0 |     207 |   0.0 |       0 |      37 |   0.0 |  1151
           D:4 |       0 |     180 |   0.0 |       0 |      11 |   0.0 |   847
           D:5 |       0 |     305 |   0.0 |       0 |       8 |   0.0 |   883
           D:6 |       0 |     573 |   0.0 |       0 |      15 |   0.0 |   959
           D:7 |       0 |    1551 |   0.0 |       0 |      19 |   0.0 |  1383
           D:8 |       0 |    3133 |   0.0 |       0 |      27 |   0.0 |  1650
           D:9 |       0 |    3307 |   0.0 |       0 |      22 |   0.0 |  1773
          D:10 |       0 |    5278 |   0.0 |       0 |      38 |   0.0 |  1272
               +---------+---------+-------+---------+---------+-------+---------
